[Event "Ceske Budejovice Open-A 2019"]
[Site "Ceske Budejovice"]
[Date "2019.07.04"]
[Round "6.6"]
[White "Lys, Josef"]
[Black "Marsalek, Zdenek"]
[Result "1/2-1/2"]
[ECO "D11"]
[WhiteElo "2149"]
[BlackElo "2259"]
[Annotator "NA"]
[PlyCount "114"]
[EventDate "2019.07.02"]
[EventCountry "CZE"]
[SourceTitle "playchess.com"]
[Source "ChessBase"]
[SourceQuality "1"]
[TimeControl "5400+30"]

1. d4 d5 2. c4 c6 3. e3 Nf6 4. Nf3 e6 5. Bd3 Nbd7 6. Qc2 Bd6 7. Nc3 O-O 8. b3 e5 9. cxd5 cxd5 10. dxe5 Nxe5 11. Nxe5 Bxe5 12. Bb2 Re8 13. Ne2 Qa5+ 14. Bc3 Bxc3+ 15. Qxc3 Qxc3+ 16. Nxc3 d4 17. Nb5 dxe3 18. Nc7 exf2+ 19. Kxf2 Ng4+ 20. Kf1 Re3 21. Nxa8 Rxd3 22. h3 Nf6 23. Ke2 Rd8 24. Rhd1 Bd7 25. Nc7 Rc8 26. Nd5 Rc2+ 27. Kf1 Bb5+ 28. Kg1 Kf8 29. Nb4 Rc8 30. Rac1 Rb8 31. a4 Be8 32. a5 Bd7 33. Nd3 h6 34. Ne5 Be6 35. b4 a6 36. Rc7 Ke8 37. Nc4 Bd5 38. Nd6+ Kf8 39. Re1 Kg8 40. Ree7 Kf8 41. g3 b6 42. Nxf7 Ne8 43. Ra7 bxa5 44. bxa5 Rb3 45. g4 Rg3+ 46. Kf2 Rf3+ 47. Ke2 Rxf7 48. Rxf7+ Bxf7 49. Kd3 h5 50. Rxa6 hxg4 51. hxg4 Nf6 52. g5 Nd7 53. Kd4 Ke7 54. Rc6 Bh5 55. Ke4 Be2 56. Rg6 Kf7 57. Rd6 Ke7 1/2-1/2

[Event "Ceske Budejovice Open-A 2019"]
[Site "Ceske Budejovice"]
[Date "2019.07.04"]
[Round "6.7"]
[White "Muron, Miroslav"]
[Black "Nejdl, Eduard"]
[Result "0-1"]
[ECO "C47"]
[WhiteElo "2215"]
[BlackElo "1995"]
[Annotator "NA"]
[PlyCount "48"]
[EventDate "2019.07.02"]
[EventCountry "CZE"]
[SourceTitle "playchess.com"]
[Source "ChessBase"]
[SourceQuality "1"]
[TimeControl "5400+30"]

1. e4 Nf6 2. Nc3 e5 3. Nf3 Nc6 4. d3 d5 5. exd5 Nxd5 6. Nxd5 Qxd5 7. Be2 Be7 8. O-O O-O 9. c3 Bg4 10. d4 exd4 11. Nxd4 Bxe2 12. Nxe2 Qc4 13. b3 Qh4 14. g3 Qe4 15. f3 Bc5+ 16. Kg2 Qe7 17. Qc2 Rfe8 18. Ng1 Rad8 19. Bd2 Bxg1 20. Kxg1 Qc5+ 21. Kh1 Re2 22. Rae1 Rdxd2 23. Rxe2 Rxc2 24. Rxc2 g6 0-1

[Event "Ceske Budejovice Open-A 2019"]
[Site "Ceske Budejovice"]
[Date "2019.07.04"]
[Round "6.8"]
[White "Sykora, Ondrej"]
[Black "Barrish, Daniel"]
[Result "1/2-1/2"]
[ECO "C50"]
[WhiteElo "2065"]
[BlackElo "2237"]
[Annotator "NA"]
[PlyCount "138"]
[EventDate "2019.07.02"]
[EventCountry "CZE"]
[SourceTitle "playchess.com"]
[Source "ChessBase"]
[SourceQuality "1"]
[TimeControl "5400+30"]

1. e4 e5 2. Nf3 Nc6 3. Bc4 Bc5 4. O-O Nf6 5. d4 Bxd4 6. Nxd4 Nxd4 7. Bg5 h6 8. Bh4 g5 9. f4 gxh4 10. fxe5 d5 11. Qxd4 dxc4 12. Qxd8+ Kxd8 13. exf6 h3 14. g3 c6 15. Nc3 Bg4 16. Rf4 h5 17. e5 Re8 18. Rxc4 Rxe5 19. Re4 Rxe4 20. Nxe4 Kc7 21. Rf1 Be6 22. Ng5 Kd6 23. Re1 Rg8 24. Nxe6 fxe6 25. Rd1+ Kc7 26. Rd4 e5 27. Rh4 Kd6 28. Rxh5 Ke6 29. Rxh3 Rd8 30. Rh7 Kxf6 31. Rxb7 Rd1+ 32. Kf2 Rd2+ 33. Kf3 Rxh2 34. Rxa7 Rxc2 35. Rb7 Rd2 36. a4 Rd3+ 37. Kf2 Rd4 38. a5 Ra4 39. Rb6 Rxa5 40. Rxc6+ Kf5 41. Rc2 Rb5 42. Re2 Rb3 43. Kg2 Kg4 44. Kf2 Rxg3 45. Rxe5 Rb3 46. Re4+ Kf5 47. Re2 Kf4 48. Rc2 Ke4 49. Ke2 Kd4 50. Kd2 Rb4 51. Kd1 Rc4 52. Rh2 Kc5 53. Rh8 Kb5 54. Rb8+ Ka6 55. Kd2 Rc5 56. Kd3 Rb5 57. Ra8+ Kb7 58. Ra2 Rh5 59. b3 Rh3+ 60. Kc4 Rh4+ 61. Kb5 Rh5+ 62. Ka4 Rh4+ 63. b4 Rh5 64. Rg2 Rf5 65. Rg6 Rh5 66. Rg4 Rf5 67. Rg7+ Kb6 68. Rg6+ Kb7 69. b5 Rf1 1/2-1/2

[Event "Ceske Budejovice Open-A 2019"]
[Site "Ceske Budejovice"]
[Date "2019.07.04"]
[Round "6.9"]
[White "Glimbrant, Torbjorn"]
[Black "Vltavsky, Vladimir"]
[Result "1/2-1/2"]
[ECO "E19"]
[WhiteElo "2195"]
[BlackElo "2179"]
[Annotator "NA"]
[PlyCount "152"]
[EventDate "2019.07.02"]
[EventCountry "CZE"]
[SourceTitle "playchess.com"]
[Source "ChessBase"]
[SourceQuality "1"]
[TimeControl "5400+30"]

1. d4 Nf6 2. c4 e6 3. Nf3 b6 4. g3 Bb7 5. Bg2 Be7 6. O-O O-O 7. Nc3 Ne4 8. Qc2 Nxc3 9. Qxc3 d6 10. b3 Nd7 11. Bb2 Bf6 12. Qc2 g6 13. Rad1 Qe7 14. Ne1 Bxg2 15. Nxg2 Bg7 16. e4 e5 17. Ne3 exd4 18. Nd5 Qd8 19. Bxd4 Bxd4 20. Rxd4 a5 21. Kg2 Nf6 22. Re1 Nxd5 23. cxd5 f6 24. h4 Rf7 25. Rc4 Qd7 26. Rc1 Ra7 27. Qc3 Kf8 28. Qd4 Qg4 29. R1c3 Kg7 30. Rf3 Qd7 31. Rfc3 Qg4 32. a4 h5 33. Qd2 Qd7 34. Qc1 Qd8 35. Rf3 Qd7 36. Rfc3 Qe7 37. Qc2 Qd7 38. Kh2 Kh6 39. Qc1+ Kh7 40. Qc2 Kh6 41. Qd1 b5 42. axb5 Qxb5 43. Qd4 Rb7 44. Kg2 Qd7 45. Rf3 Kg7 46. Qc3 Qb5 47. Ra4 Ra7 48. Rd3 Ra6 49. Rdd4 Qb7 50. Rdc4 Rb6 51. Qxa5 Rxb3 52. Rab4 Rxb4 53. Qxb4 Qa8 54. Qc3 Qe8 55. Qc2 Qd7 56. Qb1 Qe8 57. Qc1 Qe7 58. Qc3 Qe5 59. Qxe5 fxe5 60. Ra4 Kf6 61. Ra8 Rg7 62. Rc8 g5 63. hxg5+ Kxg5 64. Rf8 h4 65. Kf3 hxg3 66. fxg3 c5 67. dxc6 Rc7 68. Rg8+ Kf6 69. Rf8+ Kg7 70. Rd8 Rxc6 71. Kg4 Kf6 72. Rf8+ Ke6 73. Rh8 Rc3 74. Rh6+ Ke7 75. Rh7+ Ke6 76. Rh6+ Ke7 1/2-1/2

[Event "Ceske Budejovice Open-A 2019"]
[Site "Ceske Budejovice"]
[Date "2019.07.04"]
[Round "6.10"]
[White "Steiner, Bruno"]
[Black "Mulenko, Alexander"]
[Result "1/2-1/2"]
[ECO "B06"]
[WhiteElo "2179"]
[BlackElo "2055"]
[Annotator "NA"]
[PlyCount "83"]
[EventDate "2019.07.02"]
[EventCountry "CZE"]
[SourceTitle "playchess.com"]
[Source "ChessBase"]
[SourceQuality "1"]
[TimeControl "5400+30"]

1. d4 g6 2. e4 Bg7 3. Nf3 c5 4. dxc5 Nf6 5. Bd3 Qa5+ 6. c3 Qxc5 7. Na3 O-O 8. Nb5 Ng4 9. Qe2 a6 10. Nbd4 Nc6 11. h3 Nge5 12. Nxe5 Nxe5 13. Be3 Nxd3+ 14. Qxd3 Qc7 15. Ne2 b5 16. O-O Bb7 17. Bd4 e5 18. Be3 d5 19. exd5 Rad8 20. Qe4 Rxd5 21. Qh4 Qc6 22. f3 Rfd8 23. a4 Qc4 24. Qxc4 bxc4 25. Kf2 Bc6 26. Rfb1 Rb8 27. a5 Bf8 28. Ra2 f6 29. Nc1 Be7 30. b4 cxb3 31. Rxb3 Rxb3 32. Nxb3 Rb5 33. Nd2 Bd8 34. c4 Rxa5 35. Rb2 Kf7 36. Rb8 Be7 37. Rb6 Be8 38. Rb7 Ke6 39. Rb6+ Kf7 40. Rb7 Ke6 41. Rb6+ Kf7 42. Rb7 1/2-1/2

[Event "Ceske Budejovice Open-A 2019"]
[Site "Ceske Budejovice"]
[Date "2019.07.04"]
[Round "6.11"]
[White "Schmid, Thomas"]
[Black "Barak, David"]
[Result "1-0"]
[ECO "B11"]
[WhiteElo "2201"]
[BlackElo "2015"]
[Annotator "ChessBase"]
[PlyCount "143"]
[EventDate "2019.07.02"]
[EventCountry "CZE"]
[SourceTitle "playchess.com"]
[Source "ChessBase"]
[SourceQuality "1"]
[TimeControl "5400+30"]

1. e4 c6 2. Nc3 d5 3. Nf3 Bg4 4. h3 Bxf3 5. Qxf3 e6 6. d4 dxe4 7. Qxe4 Nf6 8. Qd3 Na6 9. a3 Qa5 10. Rb1 Nc7 11. g3 Bd6 12. Bd2 Qf5 13. Qxf5 exf5 14. Bd3 g6 15. Bh6 O-O-O 16. O-O Bf8 17. Bxf8 Rhxf8 18. Ne2 Ne6 19. Rbd1 Kc7 20. Bc4 Rfe8 21. c3 Ne4 22. Kg2 Nd6 23. Ba2 Ng5 24. Nf4 Nge4 25. Rfe1 Nf6 26. Re5 Nd7 27. Ree1 Nf6 28. Nd3 Rxe1 29. Rxe1 Re8 30. Re5 Kd8 31. Kf3 Nd7 32. Rxe8+ Kxe8 33. Ke3 Ke7 34. c4 h6 35. c5 Ne4 36. b4 Nef6 37. a4 a6 38. Nb2 Nf8 39. Bc4 Ne6 40. Nd3 Nc7 41. Kd2 g5 42. Kc3 h5 43. Kd2 Nfd5 44. Bb3 Nf6 45. Ke2 Ncd5 46. h4 Nc3+ 47. Kf3 Nfe4 48. Ke3 f6 49. Nb2 Nd5+ 50. Bxd5 cxd5 51. b5 axb5 52. axb5 f4+ 53. Kf3 f5 54. hxg5 fxg3 55. fxg3 Nxg5+ 56. Ke3 Ne6 57. Nd3 Nc7 58. b6 Ne8 59. Ne5 Kd8 60. Kf4 Nf6 61. Kxf5 Ne4 62. Kf4 Ke7 63. Ng6+ Kf6 64. Nh4 Ke6 65. Nf5 Kd7 66. Ke5 Nc3 67. Ng7 Ke7 68. Nxh5 Kf7 69. Nf4 Ne4 70. Nxd5 Nxg3 71. c6 bxc6 72. b7 1-0

[Event "Ceske Budejovice Open-A 2019"]
[Site "Ceske Budejovice"]
[Date "2019.07.04"]
[Round "6.12"]
[White "Malinovsky, Petr"]
[Black "Vahala, Tomas"]
[Result "1/2-1/2"]
[ECO "D31"]
[WhiteElo "2058"]
[BlackElo "1774"]
[Annotator "NA"]
[PlyCount "57"]
[EventDate "2019.07.02"]
[EventCountry "CZE"]
[SourceTitle "playchess.com"]
[Source "ChessBase"]
[SourceQuality "1"]
[TimeControl "5400+30"]

1. d4 d5 2. c4 e6 3. Nc3 c6 4. e4 dxe4 5. Nxe4 Nf6 6. Nxf6+ Qxf6 7. a3 Qd8 8. Nf3 Be7 9. Bd3 Nd7 10. O-O Nf6 11. Qe2 h6 12. b3 b6 13. Bb2 O-O 14. Rad1 Qc7 15. Rfe1 Bb7 16. Bb1 Rad8 17. Qc2 Rfe8 18. Re3 Bc8 19. Ne5 Bd6 20. Rde1 g6 21. d5 cxd5 22. Nxg6 Ng4 23. Ne5 Bxe5 24. Rxe5 f6 25. Rh5 d4 26. h3 d3 27. Qxd3 Rxd3 28. Bxd3 Ne5 29. Bc2 1/2-1/2

[Event "Ceske Budejovice Open-A 2019"]
[Site "Ceske Budejovice"]
[Date "2019.07.04"]
[Round "6.13"]
[White "Tajovsky, Matej"]
[Black "Placer, Sebastian"]
[Result "1/2-1/2"]
[ECO "B35"]
[WhiteElo "1779"]
[BlackElo "2040"]
[Annotator "NA"]
[PlyCount "101"]
[EventDate "2019.07.02"]
[EventCountry "CZE"]
[SourceTitle "playchess.com"]
[Source "ChessBase"]
[SourceQuality "1"]
[TimeControl "5400+30"]

1. e4 c5 2. Nf3 Nc6 3. d4 cxd4 4. Nxd4 g6 5. Be3 Nf6 6. Nc3 Bg7 7. Bc4 Qa5 8. O-O O-O 9. Bb3 d6 10. f3 Bd7 11. Qd2 Nxd4 12. Bxd4 Bc6 13. Rad1 Qc7 14. Rfe1 Nd7 15. f4 Nc5 16. Bd5 Bxd4+ 17. Qxd4 Qb6 18. b4 Na4 19. Nxa4 Bxa4 20. Qxb6 axb6 21. Bxb7 Ra7 22. Bd5 Bxc2 23. Rc1 Ba4 24. f5 Kg7 25. Re3 Rd8 26. Rf3 Bb5 27. Rc2 gxf5 28. exf5 Kf6 29. Rh3 Rh8 30. Rcc3 Bd7 31. Rh6+ Kg7 32. Rh5 h6 33. Bb3 Kf6 34. g4 Kg7 35. f6+ exf6 36. Rd5 Rc8 37. Rxc8 Bxc8 38. Rxd6 Bxg4 39. Rxb6 Be6 40. Rc6 Bxb3 41. axb3 Rb7 42. Rc4 Kf8 43. Kf2 Ke7 44. Ke3 Kd6 45. Kd4 Rb5 46. Kc3 Rg5 47. Rd4+ Kc6 48. Kc4 h5 49. h3 Re5 50. Rf4 f5 51. Kd4 1/2-1/2

[Event "Ceske Budejovice Open-A 2019"]
[Site "Ceske Budejovice"]
[Date "2019.07.04"]
[Round "6.14"]
[White "Pavlicek, Petr"]
[Black "Nagy, Ladislav"]
[Result "0-1"]
[ECO "E04"]
[WhiteElo "1828"]
[BlackElo "2061"]
[Annotator "NA"]
[PlyCount "98"]
[EventDate "2019.07.02"]
[EventCountry "CZE"]
[SourceTitle "playchess.com"]
[Source "ChessBase"]
[SourceQuality "1"]
[TimeControl "5400+30"]

1. d4 Nf6 2. c4 e6 3. Nf3 d5 4. g3 dxc4 5. Bg2 Nc6 6. Nc3 Bb4 7. O-O O-O 8. Qa4 Nd5 9. Nxd5 exd5 10. Ne5 Nxe5 11. Qxb4 Ng6 12. Bd2 c6 13. Bc3 Qe7 14. Rfe1 Re8 15. Qa4 Qc7 16. Rac1 Be6 17. Qc2 Rad8 18. Qd2 f6 19. a4 Ne7 20. f3 f5 21. Bb4 Nc8 22. Rc3 a5 23. Ba3 b5 24. Bc5 b4 25. Re3 Nb6 26. Bxb6 Qxb6 27. Re5 Bd7 28. f4 Rxe5 29. fxe5 Rf8 30. Qe3 Be6 31. Rc1 Rc8 32. Qd2 c5 33. e3 cxd4 34. exd4 Qc6 35. Qd1 Qd7 36. Bf3 Qf7 37. Qd2 Qd7 38. Bd1 Rf8 39. Qf4 Qe8 40. Qf3 f4 41. g4 Qg6 42. Be2 h5 43. h3 hxg4 44. hxg4 Qe8 45. Ra1 Qc6 46. Kf2 Qb6 47. Rd1 Rf7 48. Kg2 Kf8 49. Qf2 f3+ 0-1

[Event "Ceske Budejovice Open-A 2019"]
[Site "Ceske Budejovice"]
[Date "2019.07.04"]
[Round "6.15"]
[White "Rolinkova, Lucie"]
[Black "Brom, Jiri"]
[Result "1/2-1/2"]
[ECO "A45"]
[WhiteElo "1703"]
[BlackElo "2018"]
[Annotator "NA"]
[PlyCount "45"]
[EventDate "2019.07.02"]
[EventCountry "CZE"]
[SourceTitle "playchess.com"]
[Source "ChessBase"]
[SourceQuality "1"]
[TimeControl "5400+30"]

1. d4 Nf6 2. Bf4 g6 3. e3 Bg7 4. c3 d6 5. Nd2 Nbd7 6. Ngf3 O-O 7. e4 Re8 8. Bg3 e5 9. d5 c6 10. c4 cxd5 11. cxd5 Nc5 12. Qc2 Qa5 13. a3 Ncxe4 14. b4 Qxd5 15. Bc4 Qc6 16. b5 Qb6 17. Nxe4 Nxe4 18. Qxe4 Bf5 19. Qd5 Be6 20. Qe4 Bxc4 21. Qxc4 Rac8 22. Qb3 e4 23. Ng1 1/2-1/2

[Event "Ceske Budejovice Open-A 2019"]
[Site "Ceske Budejovice"]
[Date "2019.07.04"]
[Round "6.16"]
[White "Baloun, Tomas"]
[Black "Rolinek, Dominik"]
[Result "0-1"]
[ECO "B00"]
[WhiteElo "1887"]
[BlackElo "2004"]
[Annotator "NA"]
[PlyCount "72"]
[EventDate "2019.07.02"]
[EventCountry "CZE"]
[SourceTitle "playchess.com"]
[Source "ChessBase"]
[SourceQuality "1"]
[TimeControl "5400+30"]

1. e4 d6 2. d4 Nf6 3. f3 e5 4. d5 c6 5. c4 Be7 6. Nc3 O-O 7. Be3 Ne8 8. Bd3 c5 9. Qc2 Na6 10. a3 g6 11. O-O-O Bd7 12. g4 Nac7 13. h4 a6 14. a4 Rb8 15. Nh3 b5 16. axb5 axb5 17. cxb5 Nxb5 18. Nxb5 Bxb5 19. f4 exf4 20. Nxf4 Bf6 21. Kd2 Qa5+ 22. Ke2 Nc7 23. g5 Bxb2 24. h5 Ba4 25. Qd2 Bc3 26. Qc1 Bxd1+ 27. Qxd1 Qa2+ 28. Kf3 Nb5 29. Kg3 Be5 30. Rh2 Nc3 31. Qg4 Qa1 32. hxg6 Qe1+ 33. Bf2 Nxe4+ 34. Bxe4 Qxe4 35. gxh7+ Kh8 36. Rh6 Rb3+ 0-1

[Event "Ceske Budejovice Open-A 2019"]
[Site "Ceske Budejovice"]
[Date "2019.07.04"]
[Round "6.17"]
[White "Nezval, Filip"]
[Black "Stehlik, Jiri"]
[Result "1-0"]
[ECO "A39"]
[WhiteElo "1860"]
[BlackElo "1930"]
[Annotator "NA"]
[PlyCount "93"]
[EventDate "2019.07.02"]
[EventCountry "CZE"]
[SourceTitle "playchess.com"]
[Source "ChessBase"]
[SourceQuality "1"]
[TimeControl "5400+30"]

1. c4 c5 2. Nf3 Nf6 3. g3 g6 4. Bg2 Bg7 5. O-O O-O 6. Nc3 Nc6 7. d4 cxd4 8. Nxd4 Nxd4 9. Qxd4 d6 10. Qh4 Rb8 11. Bh6 Be6 12. Bxg7 Kxg7 13. Qd4 Kg8 14. b3 Qa5 15. Rfd1 Rfc8 16. Nb5 a6 17. Nxd6 Rd8 18. Nxb7 Rxd4 19. Nxa5 Rbd8 20. Rxd4 Rxd4 21. Nc6 Rd7 22. e4 Ne8 23. Nb4 Nc7 24. Nd5 a5 25. Nxc7 Rxc7 26. Rd1 a4 27. e5 Bf5 28. Rd2 Kg7 29. f4 h6 30. Kf2 g5 31. Ke3 f6 32. Be4 Bc8 33. Rc2 axb3 34. axb3 Ra7 35. c5 fxe5 36. fxe5 Be6 37. Rc3 Ra1 38. c6 Ra2 39. c7 Bc8 40. Rc2 Ra3 41. Rc3 Kf7 42. Kd4 e6 43. b4 Ra2 44. Rc2 Ra4 45. Kc5 Ke7 46. Bc6 Ra7 47. b5 1-0

[Event "Ceske Budejovice Open-A 2019"]
[Site "Ceske Budejovice"]
[Date "2019.07.04"]
[Round "6.18"]
[White "Steiner, Juraj"]
[Black "Zacek, Petr"]
[Result "1/2-1/2"]
[ECO "D35"]
[WhiteElo "1896"]
[BlackElo "1883"]
[Annotator "NA"]
[PlyCount "43"]
[EventDate "2019.07.02"]
[EventCountry "CZE"]
[SourceTitle "playchess.com"]
[Source "ChessBase"]
[SourceQuality "1"]
[TimeControl "5400+30"]

1. d4 d5 2. c4 e6 3. Nc3 Nf6 4. cxd5 exd5 5. Bg5 Be7 6. e3 c6 7. Qc2 O-O 8. Bd3 h6 9. Bh4 Nbd7 10. Nge2 Re8 11. f3 c5 12. O-O b6 13. Bf2 Bb7 14. Rad1 g6 15. Nf4 Bf8 16. dxc5 bxc5 17. Bb5 Re5 18. Bxd7 Qxd7 19. Ne4 Nxe4 20. fxe4 d4 21. exd4 Rxe4 22. dxc5 1/2-1/2

[Event "Ceske Budejovice Open-A 2019"]
[Site "Ceske Budejovice"]
[Date "2019.07.04"]
[Round "6.19"]
[White "Puncochar, Jiri"]
[Black "Kanka, Matej"]
[Result "1/2-1/2"]
[ECO "B33"]
[WhiteElo "2014"]
[BlackElo "1858"]
[Annotator "NA"]
[PlyCount "139"]
[EventDate "2019.07.02"]
[EventCountry "CZE"]
[SourceTitle "playchess.com"]
[Source "ChessBase"]
[SourceQuality "1"]
[TimeControl "5400+30"]

1. e4 c5 2. Nf3 Nc6 3. d4 cxd4 4. Nxd4 Nf6 5. Nc3 g6 6. Nxc6 dxc6 7. Qxd8+ Kxd8 8. Bc4 Bg7 9. f3 e6 10. a4 a5 11. Be3 Nd7 12. O-O-O Kc7 13. Bf4+ e5 14. Be3 f5 15. h4 b6 16. h5 f4 17. Bf2 g5 18. h6 Bf6 19. Rd2 Rd8 20. Rhd1 Rb8 21. Rd6 Be7 22. Re6 Re8 23. g3 Nf8 24. Rxc6+ Kxc6 25. Bb5+ Kb7 26. Bxe8 g4 27. Bh5 Bg5 28. Kb1 gxf3 29. gxf4 exf4 30. Bxf3 Bd7 31. Rd5 Bxh6 32. Rd6 Bg7 33. Rxb6+ Kc8 34. Rxb8+ Kxb8 35. Nd5 Be5 36. Bb6 Ng6 37. Bxa5 Nh4 38. Be2 f3 39. Bf1 Bxa4 40. Be1 Ng2 41. Bf2 Bc6 42. Kc1 h5 43. Kd2 h4 44. Bxg2 fxg2 45. Ke2 h3 46. Kf3 Bb5 47. Bg1 Be2+ 48. Kf2 Bd4+ 49. Ne3 Bg4 50. c3 Bb6 51. Bh2+ Kc8 52. b4 Be6 53. Bf4 Bc4 54. Kg1 Bd3 55. e5 Kd7 56. Kh2 Be4 57. Bg5 Ke6 58. Bf4 Bd8 59. Nd1 Bh4 60. Kg1 Kf5 61. Bh2 Bd8 62. c4 Bd3 63. c5 Bg5 64. Kf2 Bh4+ 65. Kg1 Ke6 66. Ne3 Be4 67. Bf4 Bc6 68. b5 Bxb5 69. Nxg2 hxg2 70. Kxg2 {Kxe5} 1/2-1/2

[Event "Ceske Budejovice Open-A 2019"]
[Site "Ceske Budejovice"]
[Date "2019.07.04"]
[Round "6.20"]
[White "Szotkowski, David"]
[Black "Chval, Zdenek"]
[Result "1/2-1/2"]
[ECO "E66"]
[WhiteElo "1869"]
[BlackElo "2145"]
[Annotator "NA"]
[PlyCount "59"]
[EventDate "2019.07.02"]
[EventCountry "CZE"]
[SourceTitle "playchess.com"]
[Source "ChessBase"]
[SourceQuality "1"]
[TimeControl "5400+30"]

1. d4 Nf6 2. c4 g6 3. g3 Bg7 4. Bg2 d6 5. Nf3 O-O 6. O-O c5 7. Nc3 Nc6 8. d5 Na5 9. Qd3 a6 10. e4 e6 11. Bd2 exd5 12. cxd5 b5 13. Rad1 Re8 14. Nh4 b4 15. Ne2 Bd7 16. Rfe1 Bb5 17. Qb1 Nxd5 18. Nc1 Nb6 19. b3 Nc6 20. Nd3 a5 21. Be3 Qc7 22. Bf4 Ne5 23. Nxe5 Bxe5 24. Be3 Bc3 25. Bd2 Bd4 26. Nf3 Bg7 27. Ng5 Rad8 28. f4 c4 29. Bf1 c3 30. Qc2 1/2-1/2

[Event "Ceske Budejovice Open-A 2019"]
[Site "Ceske Budejovice"]
[Date "2019.07.04"]
[Round "6.21"]
[White "Pavlicek, Adam"]
[Black "Asatryan, Manvel"]
[Result "1/2-1/2"]
[ECO "A80"]
[WhiteElo "1651"]
[BlackElo "1799"]
[Annotator "NA"]
[PlyCount "80"]
[EventDate "2019.07.02"]
[EventCountry "CZE"]
[SourceTitle "playchess.com"]
[Source "ChessBase"]
[SourceQuality "1"]
[TimeControl "5400+30"]

1. d4 f5 2. Bf4 Nf6 3. Nc3 g6 4. e3 Bg7 5. Be2 O-O 6. h4 h6 7. Qd3 c6 8. g4 fxg4 9. Qxg6 Qe8 10. Bd3 Qxg6 11. Bxg6 d6 12. Nge2 Be6 13. O-O-O Bf7 14. h5 Nbd7 15. e4 e5 16. Be3 Rad8 17. Ng3 exd4 18. Bxd4 Bxg6 19. hxg6 Ne5 20. Nf5 Nxg6 21. Nxh6+ Bxh6+ 22. Rxh6 Kg7 23. Rdh1 Ne5 24. b3 b6 25. Be3 Rh8 26. Bg5 Rxh6 27. Rxh6 Ned7 28. Kd2 Rh8 29. Rxh8 Kxh8 30. Ke3 Kg7 31. Kf4 Kg6 32. Bxf6 Nxf6 33. Nd1 b5 34. Ne3 a6 35. Nxg4 Nh5+ 36. Kf3 Kg5 37. e5 d5 38. b4 Kf5 39. c3 Nf4 40. Ne3+ Kxe5 {Ke4+} 1/2-1/2

[Event "Ceske Budejovice Open-A 2019"]
[Site "Ceske Budejovice"]
[Date "2019.07.04"]
[Round "6.22"]
[White "Brhlik, Antonin"]
[Black "Stodola, Zdenek"]
[Result "1-0"]
[ECO "B05"]
[WhiteElo "1639"]
[BlackElo "1551"]
[Annotator "NA"]
[PlyCount "67"]
[EventDate "2019.07.02"]
[EventCountry "CZE"]
[SourceTitle "playchess.com"]
[Source "ChessBase"]
[SourceQuality "1"]
[TimeControl "5400+30"]

1. e4 Nf6 2. e5 Nd5 3. d4 d6 4. Nf3 Bg4 5. Be2 e6 6. c4 Nb6 7. Nc3 Nc6 8. Be3 Be7 9. O-O O-O 10. exd6 cxd6 11. b3 Qd7 12. Qd2 Bf6 13. Rfd1 Rad8 14. Rac1 Rfe8 15. Ne4 Be7 16. d5 exd5 17. cxd5 Nb8 18. Qa5 Bxf3 19. Bxf3 f5 20. Nc3 Na6 21. Nb5 Nc8 22. Nc7 Nxc7 23. Rxc7 b6 24. Qc3 Bf6 25. Qc2 Qb5 26. a3 Rf8 27. Bd4 Qe8 28. Bxf6 Rxf6 29. Qc1 Rf8 30. Re1 Qb5 31. Qc3 Rd7 32. Rxc8 Rdf7 33. Rxf8+ Kxf8 34. Qc8+ 1-0

[Event "Ceske Budejovice Open-A 2019"]
[Site "Ceske Budejovice"]
[Date "2019.07.04"]
[Round "6.23"]
[White "Solovyova, Anastasia"]
[Black "Chval, Petr"]
[Result "1-0"]
[ECO "E73"]
[WhiteElo "1835"]
[BlackElo "1885"]
[Annotator "NA"]
[PlyCount "55"]
[EventDate "2019.07.02"]
[EventCountry "CZE"]
[SourceTitle "playchess.com"]
[Source "ChessBase"]
[SourceQuality "1"]
[TimeControl "5400+30"]

1. d4 Nf6 2. c4 g6 3. Nc3 Bg7 4. e4 d6 5. Be2 O-O 6. Bg5 c6 7. Qd2 e5 8. d5 c5 9. f3 Qb6 10. g4 h6 11. Bh4 Nh7 12. Bd3 a5 13. Nb5 Bd7 14. a4 Bxb5 15. axb5 Qc7 16. Ne2 Nd7 17. Bf2 Ng5 18. Ng1 f5 19. gxf5 gxf5 20. h4 Nf7 21. exf5 h5 22. Nh3 Qd8 23. Ng5 Qf6 24. Ne6 Bh6 25. Be3 Rfc8 26. Bg5 Bxg5 27. hxg5 Qh8 28. g6 1-0

[Event "Ceske Budejovice Open-A 2019"]
[Site "Ceske Budejovice"]
[Date "2019.07.04"]
[Round "6.24"]
[White "Petkov, Andon"]
[Black "Hlavsa, Filip"]
[Result "1/2-1/2"]
[ECO "B07"]
[WhiteElo "1761"]
[BlackElo "1843"]
[Annotator "NA"]
[PlyCount "168"]
[EventDate "2019.07.02"]
[EventCountry "CZE"]
[SourceTitle "playchess.com"]
[Source "ChessBase"]
[SourceQuality "1"]
[TimeControl "5400+30"]

1. Nc3 Nf6 2. e4 d6 3. d4 g6 4. Bg5 Nbd7 5. Nf3 c6 6. Be2 Bg7 7. Qd2 h6 8. Bf4 c5 9. e5 cxd4 10. Nb5 dxe5 11. Nxe5 g5 12. Nxd7 gxf4 13. Nxf6+ Bxf6 14. Qxf4 e5 15. Qe4 Qb6 16. O-O-O Kf8 17. f4 Bd7 18. Na3 Qc6 19. Qxc6 Bxc6 20. fxe5 Bg5+ 21. Kb1 Bxg2 22. Rhg1 Bc6 23. Rgf1 Rd8 24. Bh5 Rh7 25. Rde1 b5 26. e6 f6 27. Bf7 Ke7 28. Rf5 a6 29. Rc5 Rd6 30. Ka1 h5 31. Rd1 h4 32. c4 dxc3 33. Rxd6 Kxd6 34. Rxc6+ Kxc6 35. e7 Rh8 36. e8=Q+ Rxe8 37. Bxe8+ Kd5 38. bxc3 Ke4 39. Kb2 f5 40. Bg6 h3 41. Nc2 Bf6 42. Nd4 b4 43. Bxf5+ Ke3 44. Nc2+ Kd2 45. Nxb4 Bxc3+ 46. Kb3 Be5 47. Nxa6 Bxh2 48. Bxh3 Kd3 49. Kb4 Kd4 50. Kb5 Kd5 51. Kb6 Bg3 52. a4 Kc4 53. Bd7 Bf2+ 54. Kb7 Be1 55. Bb5+ Kb3 56. Kb6 Bf2+ 57. Kc6 Be1 58. Kd5 Ba5 59. Bd7 Be1 60. Kc5 Ba5 61. Kb5 Be1 62. Be6+ Ka3 63. Nc5 Bb4 64. Bd7 Be1 65. Ne4 Bb4 66. Kc4 Ba5 67. Nd6 Be1 68. Nb5+ Kb2 69. Nd4 Bd2 70. Nb3 Be1 71. a5 Bxa5 72. Nxa5 Kc2 73. Bb5 Kb2 74. Ba4 Ka3 75. Kb5 Kb2 76. Kb4 Ka2 77. Bb3+ Kb2 78. Nc4+ Kc1 79. Kc3 Kb1 80. Na3+ Ka1 81. Nc2+ Kb1 82. Bc4 Kc1 83. Ba2 Kd1 84. Nd4 Kc1 1/2-1/2

[Event "Ceske Budejovice Open-A 2019"]
[Site "Ceske Budejovice"]
[Date "2019.07.04"]
[Round "6.25"]
[White "Gumerov, Ruslan"]
[Black "Kovar, Petr"]
[Result "1/2-1/2"]
[ECO "B00"]
[WhiteElo "1843"]
[BlackElo "1937"]
[Annotator "NA"]
[PlyCount "88"]
[EventDate "2019.07.02"]
[EventCountry "CZE"]
[SourceTitle "playchess.com"]
[Source "ChessBase"]
[SourceQuality "1"]
[TimeControl "5400+30"]

1. e4 d6 2. d4 Nf6 3. Bd3 Nbd7 4. Nf3 e5 5. c3 c6 6. O-O h6 7. h3 Be7 8. Be3 Qc7 9. Nbd2 g5 10. Ne1 Nf8 11. b4 Ng6 12. Be2 Nf4 13. Nd3 Rg8 14. Rc1 Nh7 15. Nc4 f6 16. Bh5+ Kf8 17. a4 Be6 18. Na3 Rd8 19. c4 f5 20. Bxf4 gxf4 21. Qe2 fxe4 22. Qxe4 Ng5 23. Qe2 Bf6 24. Kh2 f3 25. Bxf3 e4 26. Nf4 d5 27. g3 Bxh3 28. Bg2 Bxg2 29. Kxg2 Qf7 30. cxd5 cxd5 31. Qe3 a6 32. Rfd1 Kg7 33. b5 Nf3 34. bxa6 bxa6 35. Rc6 Bg5 36. Ne6+ Qxe6 37. Rxe6 Bxe3 38. fxe3 Rb8 39. Rc1 Rb2+ 40. Kf1 Rf8 41. Rc7+ Rf7 42. Rxf7+ Kxf7 43. Rxa6 Rd2 44. Rxh6 Rd1+ {Ke1} 1/2-1/2

[Event "Ceske Budejovice Open-A 2019"]
[Site "Ceske Budejovice"]
[Date "2019.07.05"]
[Round "7.2"]
[White "Nagy, Gabor"]
[Black "Velicka, Petr"]
[Result "1/2-1/2"]
[ECO "A06"]
[WhiteElo "2474"]
[BlackElo "2428"]
[Annotator "ChessBase"]
[PlyCount "63"]
[EventDate "2019.07.02"]
[EventCountry "CZE"]
[SourceTitle "playchess.com"]
[Source "ChessBase"]
[SourceQuality "1"]
[TimeControl "5400+30"]

1. Nf3 d5 2. g3 Nf6 3. Bg2 Bg4 4. c4 c6 5. Ne5 Be6 6. cxd5 Bxd5 7. Nf3 c5 8. O-O e6 9. Nc3 Bc6 10. d3 Be7 11. e4 O-O 12. Re1 b6 13. d4 cxd4 14. Nxd4 Bb7 15. Bf4 Nfd7 16. Ndb5 e5 17. Be3 Nc6 18. Re2 Nf6 19. Rd2 Qb8 20. Nd5 Bd8 21. Rc1 a6 22. Nbc3 Nxd5 23. Nxd5 b5 24. Nb6 Bxb6 25. Bxb6 Nd4 26. Bc7 Qa7 27. Bxe5 Ne6 28. h4 Rad8 29. Bh3 Bxe4 30. Qe1 Rxd2 31. Qxd2 Ba8 32. Bxe6 1/2-1/2